Map: Kairos Junction LE

Players

Lambo - Winner!

  • Race: Zerg Zerg
  • Spawn Location: 11:00

Kelazhur

  • Race: Terran Terran
  • League: Master
  • Spawn Location: 5:00

VOD

Have the link to the VOD?

Description

Time

  • Played on: Jan. 8, 2019, 8:40 a.m.
  • Length: 17:05
Show
View Real Time Build Order
Export as new Build Order

Lambo Zerg - Winner!

Build Orders: Hatch First, Brood Lord Corruptor 

Get SALT Encoding   

  12  0:01  Drone  
  13  0:14  Overlord  
  13  0:18  Drone  
  14  0:32  Drone x2  
  16  0:48  Hatchery  
  15  0:52  Drone  
  15  0:55  Drone  
  17  0:58  Drone  
  18  1:09  Extractor  
  17  1:13  Spawning Pool  
  17  1:16  Drone  
  17  1:20  Drone  
  18  1:30  Drone  
  19  1:42  Drone  
  20  1:53  Overlord  
  20  2:00  Queen x2  
  24  2:01  Zergling x2  
  24  2:02  Zergling x2  
  26  2:10  Metabolic Boost  
  26  2:18  Drone  
  26  2:19  Drone  
  28  2:29  Drone  
  29  2:30  Drone  
  30  2:42  Hatchery  
  30  2:44  Drone x2  
  30  2:50  Pneumatized Carapace  
  31  2:53  Drone  
  31  2:57  Overlord  
  32  3:01  Drone  
  32  3:02  Drone  
  34  3:11  Drone  
  35  3:13  Drone  
  35  3:15  Overlord  
  35  3:17  Drone x3  
  39  3:22  Queen  
  39  3:25  Drone  
  42  3:29  Drone  
  43  3:37  Drone  
  43  3:38  Drone  
  43  3:39  Queen  
  47  3:45  Drone x2  
  49  3:52  Overlord  
  49  3:53  Drone x2  
  51  3:55  Queen  
  51  3:58  Zergling x4  
  51  4:01  Zergling x2  
  56  4:05  Queen  
  56  4:08  Overlord  
  58  4:10  Spore Crawler  
  56  4:17  Overlord  
  56  4:20  Drone x6  
  62  4:28  Overlord, Lair  
  62  4:32  Roach Warren  
  62  4:33  Drone  
  62  4:34  Drone  
  62  4:37  Drone  
  64  4:40  Queen  
  64  4:42  Drone  
  68  4:45  Drone x2  
  68  4:47  Drone  
  68  4:49  Drone x2  
  68  4:51  Drone x2  
  74  4:57  Overlord  
  74  4:58  Drone  
  74  4:59  Queen  
  75  5:02  Spore Crawler  
  75  5:04  Spore Crawler  
  75  5:05  Extractor  
  74  5:07  Extractor  
  74  5:09  Overlord  
  73  5:14  Overlord  
  73  5:15  Overlord x2  
  73  5:21  Queen  
  73  5:22  Overlord  
  73  5:24  Roach x3  
  81  5:29  Overlord  
  81  5:31  Roach x2  
  81  5:35  Drone  
  86  5:36  Drone x3  
  86  5:38  Queen  
  91  5:52  Roach  
  91  5:53  Roach  
  95  6:02  Drone x3  
  96  6:05  Drone x7  
  103  6:11  Infestation Pit  
  103  6:12  Queen  
  103  6:13  Queen x2, Extractor  
  103  6:15  Drone x4  
  103  6:16  Spore Crawler  
  103  6:17  Drone  
  103  6:18  Drone x2  
  113  6:22  Overseer, Extractor  
  113  6:23  Extractor  
  113  6:25  Drone x2  
  113  6:28  Roach  
  113  6:29  Roach  
  115  6:34  Roach x2  
  118  6:48  Queen x2  
  118  6:51  Overlord  
  118  6:54  Glial Reconstitution  
  120  6:55  Overlord  
  120  7:02  Overlord  
  120  7:03  Overlord  
  120  7:06  Overlord  
  118  7:13  Hatchery  
  118  7:14  Overlord  
  118  7:15  Evolution Chamber x2  
  115  7:17  Infestor x3  
  119  7:34  Overlord  
  117  7:39  Neural Parasite  
  117  7:40  Hive  
  117  7:42  Drone x15  
  117  7:43  Spire  
  131  7:48  Overlord  
  131  7:52  Spore Crawler  
  131  7:53  Roach  
  131  7:55  Zerg Missile Weapons Level 1  
  131  7:56  Zerg Ground Armor Level 1  
  132  8:03  Overlord  
  133  8:05  Drone x3  
  133  8:09  Extractor  
  133  8:10  Roach x7  
  133  8:12  Queen, Extractor  
  149  8:16  Overlord  
  149  8:17  Spore Crawler  
  149  8:18  Overlord  
  149  8:19  Overlord  
  148  8:30  Roach x3  
  148  8:31  Roach  
  156  8:48  Drone, Spine Crawler  
  155  8:49  Drone, Spine Crawler  
  155  8:50  Spine Crawler  
  155  8:52  Roach x5  
  159  8:58  Pathogen Glands  
  159  8:59  Hatchery  
  157  9:14  Spire  
  147  9:18  Roach x12  
  154  9:26  Drone x4  
  154  9:27  Drone x3  
  154  9:30  Drone x2  
  153  9:49  Drone x2  
  153  9:50  Zerg Missile Weapons Level 2  
  153  9:51  Zerg Melee Weapons Level 1  
  153  9:52  Roach x8  
  171  9:53  Ravager  
  171  9:54  Ravager x4  
  171  9:55  Ravager  
  171  9:56  Roach  
  179  10:02  Roach x5  
  179  10:07  Roach  
  177  10:09  Roach  
  177  10:12  Roach x2  
  163  10:43  Infestor x3  
  163  10:46  Greater Spire  
  157  10:50  Drone x12  
  157  10:52  Hatchery, Hydralisk Den  
  157  10:53  Ravager x2  
  157  10:55  Roach x11  
  190  11:00  Extractor  
  190  11:03  Extractor  
  188  11:07  Burrow  
  188  11:16  Spine Crawler  
  188  11:18  Spine Crawler  
  186  11:20  Spine Crawler  
  186  11:24  Grooved Spines  
  185  11:46  Zerg Melee Weapons Level 2  
  173  11:47  Corruptor x9  
  191  11:57  Overlord  
  191  11:58  Overlord  
  191  12:09  Zerg Missile Weapons Level 3  
  191  12:10  Extractor x2  
  191  12:12  Drone  
  191  12:13  Drone x5  
  195  12:26  Spine Crawler  
  195  12:27  Spine Crawler, Brood Lord x2  
  195  12:28  Spine Crawler, Brood Lord  
  198  12:35  Muscular Augments  
  198  12:36  Brood Lord x4  
  192  12:39  Corruptor x2  
  196  12:47  Corruptor x2  
  200  12:53  Zerg Flyer Weapons Level 1  
  195  12:58  Corruptor x2  
  199  13:19  Corruptor x2  
  199  13:32  Spore Crawler  
  198  13:48  Hatchery  
  187  13:57  Viper x3  
  147  14:21  Infestor x2  
  143  14:24  Brood Lord  
  143  14:26  Brood Lord  
  147  14:31  Corruptor x6  
  147  14:32  Corruptor x3, Spire  
  147  14:35  Brood Lord  
  147  14:38  Drone  
  167  14:39  Adrenal Glands  
  167  14:40  Zergling x8  
  167  14:41  Zergling x12  
  177  14:49  Zerg Ground Armor Level 2  
  177  14:51  Infestor x2  
  181  14:55  Overseer  
  181  14:58  Brood Lord  
  181  14:59  Brood Lord  
  185  15:03  Overlord  
  185  15:13  Brood Lord x2  
  185  15:17  Drone x3  
  188  15:27  Extractor  
  187  15:28  Infestor x2  
  187  15:31  Extractor  
  190  15:43  Infestor x2  
  190  15:44  Infestor  
  196  15:55  Corruptor  
  198  16:21  Unknown x2  
  193  16:30  Corruptor  
  196  16:34  Zergling x38  
  197  16:49  Unknown  
Show
View Real Time Build Order
Export as new Build Order

Kelazhur Terran 

Build Orders: Command Center First (CC), Mech 

Get SALT Encoding   

  12  0:00  SCV  
  13  0:12  SCV  
  14  0:17  Supply Depot  
  14  0:24  SCV  
  15  0:38  SCV  
  16  0:50  SCV  
  17  0:59  Command Center  
  17  1:03  SCV  
  18  1:12  Barracks  
  18  1:15  SCV  
  19  1:21  Refinery  
  19  1:28  SCV  
  19  1:29  Refinery  
  20  1:40  SCV  
  21  1:58  Orbital Command  
  21  1:59  Reaper  
  22  2:10  Orbital Command  
  22  2:17  Factory  
  22  2:24  SCV  
  23  2:36  SCV x2, Barracks Reactor  
  25  2:48  SCV x2  
  25  2:49  Refinery  
  27  3:00  SCV x2  
  27  3:03  Supply Depot  
  29  3:06  Starport  
  29  3:12  SCV x2  
  31  3:17  Hellion x2  
  35  3:24  SCV x2  
  37  3:30  Supply Depot  
  37  3:32  Starport  
  37  3:39  SCV x2, Hellion x2  
  42  3:45  Viking, Supply Depot  
  44  3:50  Fusion Core  
  44  3:52  SCV  
  44  3:53  SCV  
  46  4:01  Hellion x2  
  50  4:04  SCV  
  50  4:05  SCV  
  50  4:09  Barracks Tech Lab  
  52  4:15  Supply Depot  
  52  4:17  SCV x2  
  54  4:29  SCV x2  
  54  4:30  Command Center  
  56  4:39  Battlecruiser  
  56  4:42  Weapon Refit  
  62  4:46  Supply Depot  
  62  4:52  Hellion x2  
  66  4:53  SCV  
  66  4:54  SCV  
  66  4:59  Armory  
  68  5:01  Supply Depot  
  68  5:05  SCV  
  68  5:07  SCV  
  70  5:13  Hellion x2  
  74  5:19  SCV x2  
  74  5:20  Supply Depot  
  76  5:28  Refinery  
  76  5:31  SCV x2  
  76  5:33  Factory  
  76  5:34  Hellion  
  76  5:35  Supply Depot, Hellion  
  82  5:44  Barracks Tech Lab  
  82  5:48  Battlecruiser  
  88  5:50  SCV  
  89  5:57  SCV  
  89  6:01  Hellion x2  
  89  6:03  SCV  
  93  6:07  Orbital Command  
  93  6:09  SCV  
  94  6:15  SCV  
  95  6:21  SCV  
  96  6:27  SCV  
  93  6:33  Factory x2  
  93  6:34  SCV  
  93  6:39  Hellion  
  98  6:40  Cyclone, Mag-Field Accelerator, Hellion  
  101  6:50  Orbital Command  
  101  6:52  SCV x2  
  103  6:54  Hellion x7  
  101  7:02  Refinery  
  101  7:03  Factory  
  101  7:04  Refinery  
  101  7:05  SCV, Hellion x2  
  104  7:10  SCV  
  104  7:11  Starport Reactor  
  104  7:12  Siege Tank  
  108  7:18  SCV  
  108  7:22  SCV  
  110  7:23  Terran Vehicle Weapons Level 1  
  110  7:30  SCV  
  110  7:32  Hellion x2  
  110  7:33  Factory Tech Lab x2  
  110  7:34  SCV  
  116  7:40  SCV  
  117  7:44  Command Center  
  117  7:45  Supply Depot  
  117  7:46  SCV x2, Supply Depot  
  117  7:47  Engineering Bay  
  117  7:54  SCV, Cyclone x2, Supply Depot  
  117  7:56  Supply Depot  
  117  7:58  SCV x2, Supply Depot x2  
  126  8:03  Cyclone x2  
  132  8:06  SCV  
  132  8:07  Hellion x2  
  132  8:08  Infernal Pre-Igniter  
  132  8:10  SCV  
  138  8:15  Supply Depot  
  138  8:17  SCV  
  138  8:18  SCV  
  140  8:22  SCV  
  140  8:26  Armory  
  141  8:27  Cyclone x2  
  147  8:34  Sensor Tower  
  147  8:36  Cyclone, Missile Turret  
  147  8:39  Cyclone  
  151  8:42  Missile Turret  
  151  8:45  Hellion x2  
  151  8:59  Cyclone x2  
  157  9:11  Cyclone x2  
  157  9:12  Hellion x2  
  140  9:31  Cyclone x2  
  140  9:34  Terran Vehicle And Ship Armor Level 1  
  140  9:35  Hellion x2  
  140  9:36  Hellion  
  138  9:43  Cyclone, Planetary Fortress  
  141  9:52  Refinery  
  141  9:53  Refinery, Cyclone  
  141  9:54  Command Center, Hellion x2  
  141  9:55  Command Center  
  148  10:01  Terran Vehicle Weapons Level 2  
  137  10:10  Cyclone  
  137  10:12  Cyclone  
  125  10:22  Cyclone  
  125  10:26  Hellion x2  
  125  10:27  Liberator  
  132  10:28  Cyclone  
  132  10:32  Liberator  
  120  10:47  Hellion  
  120  10:48  Hellion  
  124  10:51  Command Center  
  124  10:52  Command Center  
  124  10:54  Siege Tank x2  
  124  10:59  Siege Tank  
  127  11:09  Hellion x2  
  131  11:12  Orbital Command  
  131  11:16  Siege Tank  
  134  11:27  Starport  
  134  11:28  Siege Tank x2, Starport  
  140  11:33  Refinery  
  140  11:36  Refinery  
  139  11:43  Siege Tank  
  139  11:44  Hellion x2  
  139  11:46  Viking x2  
  144  11:48  Siege Tank  
  144  11:51  Planetary Fortress  
  151  11:59  Terran Vehicle And Ship Armor Level 2  
  147  12:11  Siege Tank, Orbital Command, Hellion x2  
  147  12:12  Orbital Command  
  154  12:17  Terran Ship Weapons Level 1  
  154  12:18  Viking x2  
  158  12:29  Viking  
  160  12:30  Viking  
  160  12:37  Cyclone x3  
  159  12:38  Hellion x2  
  159  12:43  Thor  
  172  12:52  Viking x2  
  176  12:58  Sensor Tower  
  176  13:00  Missile Turret  
  176  13:04  Missile Turret  
  176  13:12  Viking x2  
  164  13:22  Viking  
  164  13:23  Viking  
  164  13:24  Cyclone x3  
  164  13:25  Hellion x2  
  181  13:40  Cyclone  
  184  13:45  Viking  
  184  13:46  Viking  
  188  13:51  Hellion x2  
  182  13:56  Cyclone x3  
  175  14:12  Cyclone, Terran Vehicle Weapons Level 3  
  175  14:13  Viking x2  
  175  14:16  Terran Vehicle And Ship Armor Level 3  
  168  14:20  Missile Turret  
  168  14:21  Smart Servos  
  163  14:28  Command Center, Cyclone x2  
  169  14:34  Sensor Tower  
  169  14:36  Missile Turret  
  169  14:38  Cyclone  
  169  14:40  Hellion  
  169  14:44  Cyclone  
  177  14:50  Starport Tech Lab x2  
  177  14:52  Viking x2  
  181  15:00  Cyclone  
  184  15:12  Cyclone x2  
  184  15:13  Hellion x2  
  129  15:14  Liberator  
  188  15:16  Cyclone, Raven x2  
  195  15:32  Advanced Ballistics  
  198  16:05  Command Center  
Tags
 
Add a new tag
Caveats
  • Supply blocks, unpowered buildings, or Contaminate may cause inaccurate times.
  • Supply counts are checked every 10 seconds.